 Dungeon Crawl Stone Soup version 0.29.0-11-gd7f09526c8 (webtiles) character file.

Game seed: 11391105798891784063

119671 tilp the Destroyer (level 16, -1/138 HPs)
             Began as a Grey Draconian Ice Elementalist on Sept 1, 2022.
             Was the Champion of Zin.
             Blown up by an orb spider (31 damage)
             ... with an orb of destruction
             ... on level 1 of the Spider Nest on Sept 2, 2022.
             The game lasted 01:25:07 (36359 turns).

tilp the Destroyer (DrIE)                          Turns: 36359, Time: 01:25:07

Health: -1/138     AC: 32    Str: 13    XL:     16   Next: 28%
Magic:  0/28       EV: 17    Int: 26    God:    Zin [******]
Gold:   1015       SH:  0    Dex: 16    Spells: 1/31 levels left

rFire   + . .      SeeInvis .   a - staff of conjuration
rCold   . . .      Faith    .   (no shield)
rNeg    . . .      Spirit   .   (body armour unavailable)
rPois   ∞          Reflect  .   (helmet restricted)
rElec   .          Harm     .   h - +2 cloak
rCorr   .          Rampage  .   F - +2 pair of gloves
Will    +....                   v - +2 pair of boots
Stlth   ++........              u - amulet of regeneration
HPRegen 1.13/turn               E - ring of poison resistance
MPRegen 0.21/turn               H - ring of protection from fire

@: ice-armoured, vitalised, freezing walls, contaminated, glowing
A: AC +14, amphibious, unfitting armour, cold-blooded
a: Renounce Religion, Recite, Vitalisation, Imprison, Sanctuary, Donate Gold


You were on level 1 of the Spider Nest.
You worshipped Zin.
Zin was exalted by your worship.
You visited 4 branches of the dungeon, and saw 23 of its levels.

You collected 3076 gold pieces.
You spent 1823 gold pieces at shops.
You donated 238 gold pieces to Zin.

Inventory:

Hand Weapons
 b - a +1 broad axe of freezing
 c - the +11 long sword of the Fray {antimagic, rF+ rCorr Int+2}
   (You took it off a deep elf pyromancer on level 15 of the Dungeon)

   It reduces the magical energy of the wielder, and disrupts the spells and
   magical abilities of those it strikes.
   Natural abilities and divine invocations are not affected.
   Int:       It affects your intelligence (+2).
   rF:        It protects you from fire.
   rCorr:     It protects you from acid and corrosion.
 U - the +6 dagger of Ferocious Optimality {elec, rF+ Str+6}
   (You found it on level 5 of the Lair of Beasts)

   It occasionally discharges a powerful burst of electricity upon striking a
   foe.
   Str:       It affects your strength (+6).
   rF:        It protects you from fire.
Missiles
 n - 28 boomerangs (quivered)
 z - 4 throwing nets
 B - 9 poisoned darts
 J - 11 curare-tipped darts
Armour
 h - a +2 cloak (worn)
 v - a +2 pair of boots (worn)
 F - a +2 pair of gloves (worn)
 Y - a +2 kite shield
Magical Staves
 a - a staff of conjuration (weapon)
Jewellery
 e - a ring of ice
 k - an amulet of reflection
 r - a ring of protection from cold
 u - an amulet of regeneration (around neck)
 E - a ring of poison resistance (left hand)
 H - a ring of protection from fire (right hand)
 N - a ring of positive energy
 P - a ring of wizardry
 X - the ring "Forget-Me-Not" {Fire Fly Will+++ Int-4 Dex-2}
   (You found it on level 14 of the Dungeon)

   [ring of fire]

   It enhances your fire magic.
   Int:       It affects your intelligence (-4).
   Dex:       It affects your dexterity (-2).
   rF:        It protects you from fire.
   rC:        It makes you vulnerable to cold.
   Fly:       It grants you flight.
   Will:      It greatly increases your willpower.
Wands
 l - a wand of flame (15)
 q - a wand of quicksilver (7)
 s - a wand of roots (12)
 w - a wand of paralysis (12)
 y - a wand of mindburst (19)
Scrolls
 i - 5 scrolls of enchant weapon
 j - a scroll of blinking
 p - 8 scrolls of teleportation
 t - 2 scrolls of vulnerability
 A - 9 scrolls of identify
 I - 6 scrolls of poison
 L - a scroll of fog
 M - a scroll of silence
 R - 2 scrolls of magic mapping
 S - a scroll of fear
 W - 5 scrolls of immolation
Potions
 d - a potion of magic
 f - 4 potions of brilliance
 g - 6 potions of attraction
 m - 4 potions of might
 o - 7 potions of curing
 x - 4 potions of invisibility
 C - 3 potions of mutation
 D - 4 potions of heal wounds
 G - 3 potions of resistance
 K - a potion of ambrosia
 T - a potion of berserk rage
 V - a potion of haste
 Z - a potion of cancellation
Miscellaneous
 Q - a phial of floods


   Skills:
 + Level 11.4 Fighting
 + Level 6.6 Staves
 + Level 9.2 Dodging
 - Level 6.0 Stealth
 + Level 8.4 Spellcasting
 * Level 13.8 Conjurations
 - Level 6.0 Hexes
 - Level 4.0 Translocations
 - Level 10.0 Ice Magic
 + Level 11.6 Earth Magic
 + Level 9.7 Invocations
 + Level 7.9 Evocations


You had one spell level left.
You knew the following spells:

 Your Spells              Type           Power      Damage    Failure   Level
a - Freeze                Ice            100%       1d11      1%          1
b - Frozen Ramparts       Ice            100%       1d16      1%          3
c - Ozocubu's Armour      Ice            58%        N/A       1%          3
d - Hailstorm             Conj/Ice       83%        3d17      1%          4
e - Fulminant Prism       Conj/Hex       38%        3d18      1%          4
f - Iron Shot             Conj/Erth      43%        9d8       4%          6
g - Iskenderun's Mystic   Conj/Tloc      72%        2d15      1%          4
h - Lee's Rapid Deconstr  Erth           32%        3d17*     1%          5

Your spell library contained the following spells:

 Spells                   Type           Power      Damage    Failure   Level
 Apportation              Tloc           62%        N/A       1%          1
 Shock                    Conj/Air       100%       1d9       1%          1
 Static Discharge         Conj/Air       63%        3-11/arc  1%          2
 Dazzling Flash           Conj/Hex       100%       N/A       1%          3
 Iskenderun's Battlesphe  Conj           90%        2d14      1%          5
 Gell's Gravitas          Tloc           31%        N/A       3%          3
 Lesser Beckoning         Tloc           31%        N/A       3%          3
 Teleport Other           Tloc           31%        N/A       3%          3
 Flame Wave               Conj/Fire      63%        2d15      3%          4
 Sticky Flame             Conj/Fire      63%        2d8       3%          4
 Summon Guardian Golem    Hex/Summ       26%        N/A       4%          3
 Scorch                   Fire           20%        2d6       9%          2
 Lightning Bolt           Conj/Air       31%        1d48      9%          5
 Borgnjor's Vile Clutch   Necr/Erth      20%        N/A       14%         5
 Swiftness                Air            10%        N/A       16%         3
 Orb of Destruction       Conj           45%        9d12      16%         7
 Airstrike                Air            5%         2d(1-17)  47%         4
 Dispel Undead            Necr           10%        3d9       47%         4
 Alistair's Intoxication  Tmut/Pois      6%         N/A       83%         5
 Spellforged Servitor     Conj/Summ      31%        N/A       95%         7
 Eringya's Noxious Bog    Tmut/Pois      5%         N/A       100%        6
 Summon Cactus Giant      Summ           5%         N/A       100%        6


Dungeon Overview and Level Annotations

Branches:
Dungeon (15/15)            Temple (0/1) D:7            Lair (5/5) D:9
  Swamp (0/4) Lair:2       Spider (1/4) Lair:2        Slime (0/5) Lair:5
    Orc (2/2) D:12            Elf (0/3) Orc:2        Vaults (0/5) D:14
 Depths (0/4) D:15

Altars:
Ashenzari
Elyvilon
Fedhas
Gozag
Kikubaaqudgha
Nemelex Xobeh
Trog
Yredelemnul
Zin
Jiyva

Shops:
D:4 ?   D:8 =   D:10 !*   Orc:2 :(*[

Annotations:
D:15 3 runed translucent doors, MoonlitKnight's ghost, journeyman MfGl


Innate Abilities, Weirdness & Mutations

Your dull iron-grey scales are very hard. (AC +14)
You are amphibious.
You cannot fit into any form of body armour.
You are cold-blooded and may be slowed by cold attacks.


Message History

Unknown command.
You hit the radroach but do no damage. You tail-slap the radroach.
The radroach is severely wounded.
The wall freezes the radroach.
The radroach erupts in a fountain of uncontrolled magic!
You are blasted with magical radiation!!
* * * LOW HITPOINT WARNING * * *
You are contaminated with residual magic.
Zin is not enthusiastic about the mutagenic glow surrounding you.
Unknown command.
Casting: Ozocubu's Armour (safe; 1% risk of failure)
Confirm with . or Enter, or press ? or * to list all spells.
Aiming: Freeze (safe; 1% risk of failure)
Press: ? - help, Shift-Dir - straight line, f - radroach
Aim: a radroach (severely wounded)
You freeze the radroach.
The radroach is severely wounded.
The wall freezes the radroach but does no damage.
The radroach erupts in a fountain of uncontrolled magic!
You are blasted with magical radiation!!
* * * LOW HITPOINT WARNING * * *
Unknown command.
Unknown command.
Casting: Freeze (safe; 1% risk of failure)
Confirm with . or Enter, or press ? or * to list all spells.
Aiming: Freeze (safe; 1% risk of failure)
Press: ? - help, Shift-Dir - straight line, f/p - radroach
Aim: a radroach (severely wounded)
You freeze the radroach!
The radroach is almost dead.
The wall freezes the radroach!
You kill the radroach!
Zin accepts your kill.
The orb spider weaves a glowing orb of energy.
An orb of destruction comes into view.
Unknown command.
Unknown command.
Your icy armour and frozen ramparts will break if you move.
Continue?
The orb of destruction hits you!!
You die...

#.#. . .... ..
... ... #..
.>.. .. ...†.#~
#....[### #†@.#
.....○○...#
....s........
.#.........^...
..#...#...###..
...#..#.#.. .
...^....?.##
^...#..#..#


You could see an orb spider.

Vanquished Creatures
  Frances (D:13)
  An orc warlord (Orc:2)
  An entropy weaver (Spider:1)
  An ettin (D:15)
  A vault guard (D:14)
  9 hydras
  4 boulder beetles
  An ogre mage (D:15)
  An ice dragon (D:12)
  A catoblepas (Lair:5)
  2 radroaches (Spider:1)
  Erica (Lair:2)
  12 two-headed ogres
  2 death knights
  21 death yaks
  A centaur warrior (D:14)
  A deep troll shaman (Lair:5)
  3 tengu warriors (D:15)
  An orc high priest (Orc:2)
  Amaemon (Lair:2)
  2 pharaoh ants (Spider:1)
  3 skeletal warriors (D:15)
  2 deep trolls (D:15)
  3 bog bodies (Lair:2)
  An orb spider (Spider:1)
  4 deep elf pyromancers
  3 wolf spiders
  2 necromancers (D:15)
  5 orc knights
  13 ugly things
  6 manticores
  4 orc sorcerers
  9 cyclopes
  4 elephants (Lair:5)
  A salamander (shapeshifter) (D:12)
  4 black mambas
  A torpor snail (Lair:1)
  4 gargoyles
  An orange demon (Lair:3)
  11 cane toads
  Maggie (D:7)
  5 kobold demonologists
  An unseen horror (shapeshifter) (D:14)
  An unseen horror (D:12)
  10 komodo dragons
  A freezing wraith (D:12)
  A rime drake (Lair:5)
  3 efreet
  2 demonic crawlers (Lair:2)
  5 yaktaurs (D:12)
  A meliai (Lair:2)
  A hornet (shapeshifter) (D:15)
  2 polar bears
  11 trolls
  Prince Ribbit (D:7)
  16 blink frogs
  4 tarantellas (Spider:1)
  13 slime creatures
  5 dream sheep (Lair:5)
  5 culicivoras
  8 jumping spiders
  4 shadows (D:12)
  6 wraiths
  The ghost of sanka the Ruffian, an amateur TrCA of Ignis (D:4)
  5 wyverns
  4 vampires
  2 steam dragons
  69 yaks
  5 wargs
  5 redbacks (Spider:1)
  2 basilisks
  3 swamp worms (Lair:2)
  8 vampire mosquitoes
  Edmund (D:5)
  2 acid dragons
  17 water moccasins
  2 black bears
  23 orc warriors
  An ice beast (D:5)
  3 sky beasts
  11 ogres
  13 centaurs
  4 boggarts (D:14)
  21 wolves
  2 phantoms
  A kobold brigand (D:7)
  13 bullfrogs
  4 necrophages
  3 scorpions
  5 wights (D:9)
  4 killer bees
  5 howler monkeys
  4 electric eels
  5 jellies
  17 orc priests
  5 hounds
  2 gnoll boudas
  Terence (D:2)
  7 iguanas
  27 orc wizards
  12 gnolls
  11 adders
  A shadow imp (D:6)
  2 white imps
  A worm (D:5)
  5 dart slugs
  64 orcs
  9 ball pythons
  7 endoplasms
  3 giant cockroaches
  4 goblins
  4 hobgoblins
  12 jackals
  15 kobolds
  7 quokkas
  6 bats
  3 frilled lizards
  7 rats
736 creatures vanquished.

Vanquished Creatures (others)
  A meliai (Spider:1)
  A bush (Lair:2)
  46 fulminant prisms
  45 fungi
  108 plants
201 creatures vanquished.

Grand Total: 937 creatures vanquished

Notes
Turn   | Place    | Note
-------+----------+-------------------------------------------
     0 | D:1      | tilp the Draconian Ice Elementalist began the quest for the
                  | Orb.
     0 | D:1      | Reached XP level 1. HP: 14/14 MP: 3/3
   206 | D:1      | Reached skill level 1 in Fighting
   321 | D:1      | Reached XP level 2. HP: 23/23 MP: 1/5
   593 | D:1      | Reached XP level 3. HP: 18/29 MP: 6/6
   597 | D:1      | Learned a level 3 spell: Frozen Ramparts
  1512 | D:2      | Noticed Terence
  1582 | D:2      | Reached XP level 4. HP: 33/37 MP: 7/7
  1952 | D:3      | Identified the +4 ring mail of Qauniff {*Slow Slay+4}
  1967 | D:3      | Found a faded altar of an unknown god.
  2134 | D:3      | Found a glowing silver altar of Zin.
  2159 | D:3      | Became a worshipper of Zin the Law-Giver
  2159 | D:3      | Reached * piety under Zin
  2258 | D:3      | Found a blossoming altar of Fedhas.
  2408 | D:3      | Reached skill level 5 in Ice Magic
  2408 | D:3      | Reached XP level 5. HP: 45/45 MP: 5/9
  2412 | D:3      | Learned a level 3 spell: Ozocubu's Armour
  3048 | D:4      | Noticed an ogre
  3056 | D:4      | Killed an ogre
  3057 | D:4      | Reached XP level 6. HP: 29/52 MP: 0/10
  3516 | D:4      | Found a large runed translucent door.
  3516 | D:4      | Found a large runed translucent door.
  3684 | D:4      | Found Hufedav's Magic Scroll Shop.
  3692 | D:4      | Bought a scroll of teleportation for 42 gold pieces
  3702 | D:4      | Reached ** piety under Zin
  4126 | D:4      | Noticed sanka's ghost (amateur TrCA)
  4203 | D:5      | Entered Level 5 of the Dungeon
  4207 | D:5      | Found an opulent altar of Gozag.
  4399 | D:5      | Found a broken altar of Ashenzari.
  4459 | D:5      | Reached skill level 1 in Invocations
  4665 | D:5      | Your scales start taking on a dull iron-grey colour.
  4665 | D:5      | Reached XP level 7. HP: 58/59 MP: 4/11
  4849 | D:5      | Noticed a kobold demonologist
  4857 | D:5      | Noticed a sixfirhy
  4857 | D:5      | Killed a kobold demonologist
  4895 | D:5      | Got the Incunable of Vapourous Bewitchment
  5044 | D:5      | Reached XP level 8. HP: 64/67 MP: 13/13
  5110 | D:5      | Reached skill level 5 in Fighting
  5588 | D:5      | Reached *** piety under Zin
  5607 | D:5      | Noticed Edmund
  5621 | D:5      | Killed Edmund
  5770 | D:4      | Bought a scroll of identify for 28 gold pieces
  5770 | D:4      | Bought a scroll of identify for 28 gold pieces
  5851 | D:2      | Killed Terence
  6348 | D:6      | Learned a level 4 spell: Hailstorm
  6394 | D:6      | Reached skill level 1 in Conjurations
  6503 | D:6      | Reached XP level 9. HP: 75/75 MP: 10/16
  6504 | D:6      | Reached skill level 5 in Spellcasting
  6504 | D:6      | Reached skill level 2 in Conjurations
  6509 | D:6      | Reached skill level 3 in Conjurations
  6512 | D:6      | Reached skill level 4 in Conjurations
  6890 | D:6      | Found an ancient bone altar of Kikubaaqudgha.
  6894 | D:6      | Identified the +1 robe of Follow the Leader {rElec rF-
                  | Dex+3 Stlth+}
  6974 | D:6      | Found a bloodstained altar of Trog.
  6975 | D:6      | Found a white marble altar of Elyvilon.
  7128 | D:7      | Reached skill level 5 in Invocations
  7308 | D:7      | Noticed Maggie
  7334 | D:7      | Noticed Prince Ribbit
  7349 | D:7      | Killed Prince Ribbit
  7350 | D:7      | Reached skill level 1 in Evocations
  7732 | D:7      | Found a staircase to the Ecumenical Temple.
  8059 | D:7      | Reached XP level 10. HP: 82/86 MP: 15/19
  8559 | D:4      | Bought 2 scrolls of enchant armour for 210 gold pieces
  8845 | D:8      | Found a basalt altar of Yredelemnul.
  8947 | D:8      | Noticed a two-headed ogre
  8951 | D:8      | Killed a two-headed ogre
  9233 | D:8      | Found Nisky's Jewellery Shop.
  9665 | D:8      | Reached **** piety under Zin
  9689 | D:8      | Learned a level 4 spell: Fulminant Prism
 10114 | D:9      | Found a staircase to the Lair.
 10207 | D:9      | Reached skill level 1 in Hexes
 11502 | D:7      | Killed Maggie
 11503 | D:7      | Reached skill level 5 in Conjurations
 11714 | D:10     | Entered Level 10 of the Dungeon
 11911 | D:10     | Reached skill level 5 in Dodging
 12010 | D:10     | Found a sparkling altar of Nemelex Xobeh.
 12238 | D:10     | Reached ***** piety under Zin
 12301 | D:10     | Noticed a two-headed ogre
 12312 | D:10     | Killed a two-headed ogre
 12313 | D:10     | Reached XP level 11. HP: 84/94 MP: 3/21
 12385 | D:10     | Noticed a two-headed ogre
 12407 | D:10     | Killed a two-headed ogre
 12544 | D:10     | Noticed a two-headed ogre
 12568 | D:10     | Killed a two-headed ogre
 12569 | D:10     | Reached skill level 6 in Conjurations
 12780 | D:10     | Noticed a two-headed ogre
 12789 | D:10     | Killed a two-headed ogre
 12876 | D:10     | Found Ecyigh's Serpentskin Sales.
 12957 | D:10     | Found Seudd's Distillery.
 12966 | D:10     | Bought a potion of resistance for 150 gold pieces
 12994 | D:10     | Identified a scroll of acquirement
 12995 | D:10     | Acquired 758 gold pieces
 13080 | D:8      | Bought a ring of poison resistance for 260 gold pieces
 13453 | D:11     | Reached skill level 7 in Conjurations
 13635 | D:11     | Reached ****** piety under Zin
 13841 | D:11     | Noticed a boulder beetle
 13867 | D:11     | Killed a boulder beetle
 13868 | D:11     | Reached skill level 8 in Conjurations
 13972 | D:11     | Reached skill level 1 in Staves
 14457 | D:11     | Found the +18 Lear's hauberk
 14860 | Lair:1   | Entered Level 1 of the Lair of Beasts
 15324 | Lair:1   | Reached XP level 12. HP: 77/103 MP: 11/22
 15844 | Lair:1   | Noticed an eight-headed hydra
 15850 | Lair:1   | Killed an eight-headed hydra
 16156 | Lair:2   | Noticed an eight-headed hydra
 16166 | Lair:2   | Reached skill level 5 in Evocations
 16168 | Lair:2   | Killed an eight-headed hydra
 16333 | Lair:2   | Found a hole to the Spider Nest.
 16547 | Lair:2   | Noticed an eight-headed hydra
 16554 | Lair:2   | Killed an eight-headed hydra
 16706 | Lair:2   | Noticed Erica
 16717 | Lair:2   | Killed Erica
 16718 | Lair:2   | Reached skill level 9 in Conjurations
 17515 | Lair:2   | Found a staircase to the Swamp.
 17720 | Lair:3   | Noticed a six-headed hydra
 17726 | Lair:3   | Noticed Amaemon
 17745 | Lair:2   | Killed Amaemon
 17939 | Lair:3   | Reached XP level 13. HP: 100/111 MP: 0/23
 18394 | Lair:3   | Reached skill level 5 in Staves
 18494 | Lair:3   | Learned a level 6 spell: Iron Shot
 19064 | Lair:3   | Reached skill level 1 in Earth Magic
 19412 | Lair:4   | Reached skill level 10 in Fighting
 19661 | Lair:4   | Reached skill level 10 in Conjurations
 19671 | Lair:4   | Reached skill level 10 in Ice Magic
 20669 | D:12     | Reached skill level 5 in Earth Magic
 20777 | D:12     | Found a staircase to the Orcish Mines.
 20884 | D:11     | Reached skill level 11 in Conjurations
 21220 | D:12     | HP: 3/113 [seven-headed hydra (6)]
 22076 | D:12     | Reached XP level 14. HP: 121/121 MP: 18/24
 22587 | D:12     | Reached skill level 12 in Conjurations
 23232 | Orc:1    | Entered Level 1 of the Orcish Mines
 23453 | D:12     | Reached skill level 10 in Earth Magic
 24184 | Orc:2    | Entered Level 2 of the Orcish Mines
 25000 | Orc:2    | Noticed an orc warlord
 25056 | Orc:2    | Killed an orc warlord
 25654 | Orc:2    | Found Beviesuu's Antique Armour Boutique.
 25700 | Orc:2    | Found Fitiag's Antique Weapon Boutique.
 25715 | Orc:2    | Found Vithro Escho's Book Boutique.
 25807 | Orc:2    | Found a staircase to the Elven Halls.
 25933 | Orc:2    | Found Peippid's General Store.
 25939 | Orc:2    | Bought a scroll of magic mapping for 97 gold pieces
 26126 | Orc:2    | Bought a book of Dangerous Friends for 560 gold pieces
 26126 | Orc:2    | Bought a book of Blasting for 448 gold pieces
 26131 | Orc:2    | Learned a level 4 spell: Iskenderun's Mystic Blast
 26407 | Lair:5   | Entered Level 5 of the Lair of Beasts
 27030 | Lair:5   | Reached skill level 1 in Translocations
 27256 | Lair:5   | Identified the +3 leather armour "Plog" {rPois Regen+ Dex-2
                  | Stlth+}
 27341 | Lair:5   | Reached XP level 15. HP: 61/128 MP: 2/26
 27549 | Lair:5   | Found a viscous altar of Jiyva.
 27550 | Lair:5   | Found a staircase to the Slime Pits.
 27964 | Lair:5   | Reached skill level 5 in Stealth
 28771 | Lair:5   | Reached skill level 5 in Hexes
 29029 | Lair:5   | Identified the +6 dagger of Ferocious Optimality {elec, rF+
                  | Str+6}
 29323 | D:13     | Upgraded the game from 0.29.0-10-g45618ea6d2 to
                  | 0.29.0-11-gd7f09526c8
 29698 | D:13     | Noticed Frances
 29711 | D:13     | Killed Frances
 29712 | D:13     | Reached skill level 13 in Conjurations
 30918 | D:14     | Identified the ring "Forget-Me-Not" {Fire Fly Will+++ Int-4
                  | Dex-2}
 31540 | D:14     | Found a gate to the Vaults.
 32163 | D:15     | Entered Level 15 of the Dungeon
 33300 | D:15     | Identified the +11 long sword of the Fray {antimagic, rF+
                  | rCorr Int+2}
 34108 | D:15     | Reached XP level 16. HP: 102/137 MP: 3/28
 34503 | D:15     | Found a staircase to the Depths.
 34540 | D:15     | Found a runed translucent gate.
 34545 | D:15     | Found a runed translucent gate.
 34546 | D:15     | Found a runed translucent gate.
 34560 | D:15     | Noticed MoonlitKnight's ghost (journeyman MfGl)
 35306 | D:4      | Killed sanka's ghost
 35398 | D:4      | Learned a level 5 spell: Lee's Rapid Deconstruction
 35583 | Spider:1 | Entered Level 1 of the Spider Nest
 36359 | Spider:1 | Blown up by an orb spider

Illustrated notes

Levels and vault maps discovered:
D:1:      minmay_arrival_semitransparent, layout_loops_ring
D:2:      layout_rooms, uniq_terence
D:3:      layout_basic, lemuel_tele_altar, old_standard_altar,
          basic_ecumenical_altar, minmay_misc_feat_tower, nicolae_grassy_gnolls
D:4:      layout_loops_corners, serial_shops, shop, ebering_ghost_disaster_area,
          st_stairs_9
D:5:      kennysheep_windowed_halls, layout_gridville,
          mainiacjoe_overflow_small_starburst, lemuel_round_altar, uniq_edmund
D:6:      layout_loops_ring, minitemple
D:7:      layout_basic, minmay_temple_entry_mini_moons, grunt_ministairs_4,
          uniq_prince_ribbit1, uniq_maggie
D:8:      layout_loops_corners, marbit_many_paths, serial_shops, shop,
          kennysheep_cross_bottleneck
D:9:      layout_grid_maze, erik_lair_orcish_takeover, minmay_misc_feat_alley
D:10:     layout_small_grid, mainiacjoe_overflow_catwalk, serial_shops, shop,
          guppyfry_shop_venom
D:11:     layout_stronghold
D:12:     nzn_winding_woodlands_stair_cross [nzn_winding_woodlands_5x15_parted,
          nzn_winding_woodlands_center_triple_pond,
          nzn_winding_woodlands_5x15_pockets, nzn_winding_woodlands_5x5_cross,
          nzn_winding_woodlands_hourglass,
          nzn_winding_woodlands_5x15_pathside_ponds,
          nzn_winding_woodlands_center_lodge,
          nzn_winding_woodlands_5x15_longhouse], layout_loops_ring,
          amcnicky_mini_corridor_feature
D:13:     layout_cave_pools, uniq_frances
D:14:     layout_irregular_city, david_vaults_5
D:15:     hangedman_depths_entry_civil_slaughter, layout_gridville,
          gammafunk_ghost_tricky_traps, minmay_misc_feat_x
Lair:1:   cheibrodos_lair_river_kwai, layout_regular_city
Lair:2:   layout_loops_ring, nicolae_swamp_entry_splash_gauntlet,
          hellmonk_spider_entry_not_the_bees, serial_bayou_pond_b, uniq_erica
Lair:3:   layout_gridlike, serial_bayou_pond_d, hangedman_lair_unloving_vines,
          chequers_serial_rivers_micro_c, beast_lair_carwin_4, uniq_amaemon
Lair:4:   layout_small_grid, serial_bayou_ford_a
Lair:5:   grunt_lair_end_beastmaster, layout_misc_corridors,
          dpeg_slime_entry_enclosed
Spider:1: layout_spider_delve, special_room [special_room_bee]
Orc:1:    layout_caves
Orc:2:    grunt_orc_cross, layout_diamond_mine

Skill      XL: |  1  2  3  4  5  6  7  8  9 10 11 12 13 14 15 16 |
---------------+-------------------------------------------------+-----
Stealth        | 2 4 6 |  6.0
Dodging        | 2 4 5 6 7 8 9 |  9.2
Fighting       | 1 2 3 4 5 7 8 9 10 11 | 11.4
Ice Magic      | 5 6 8 9 10 | 10.0
Spellcasting   | 3 4 6 7 8 |  8.4
Invocations    | 1 3 4 5 6 8 9 |  9.7
Conjurations   | 1 4 5 8 9 11 12 13 | 13.8
Evocations     | 2 4 6 7 |  7.9
Hexes          | 3 4 5 6 |  6.0
Staves         | 2 4 6 |  6.6
Earth Magic    | 7 10 11 | 11.6
Translocations | 1 4 |  4.0

Action                   |  1- 3 |  4- 6 |  7- 9 | 10-12 | 13-15 | 16-18 || total
-------------------------+-------+-------+-------+-------+-------+-------++-------
Melee: Unarmed           |     1 |       |       |       |       |       ||     1
       Dagger            |    54 |   109 |   232 |     5 |       |       ||   400
       Tailslap          |     3 |    12 |    30 |    47 |   200 |    22 ||   314
       Punch             |       |       |     6 |     4 |    15 |     1 ||    26
       Staff             |       |       |       |   237 |   824 |    83 ||  1144
Throw: Boomerang         |       |       |     2 |     2 |     2 |       ||     6
 Cast: Freeze            |    15 |       |     7 |    75 |     9 |     4 ||   110
       Frozen Ramparts   |     3 |    11 |    22 |    62 |   110 |     8 ||   216
       Ozocubu's Armour  |       |     6 |    13 |    31 |    49 |     8 ||   107
       Hailstorm         |       |       |     4 |    64 |   111 |     5 ||   184
       Fulminant Prism   |       |       |       |    17 |    29 |       ||    46
       Iron Shot         |       |       |       |       |    74 |    18 ||    92
       Iskenderun's Myst |       |       |       |       |     4 |    11 ||    15
       Lee's Rapid Decon |       |       |       |       |       |     7 ||     7
Invok: Recite            |       |       |     1 |     2 |    25 |     1 ||    29
       Vitalisation      |       |       |       |       |     5 |     3 ||     8
       Imprison          |       |       |       |       |     2 |       ||     2
Evoke: Wand              |       |       |       |    10 |    15 |       ||    25
  Use: Scroll            |     1 |     9 |     3 |    14 |     7 |     1 ||    35
       Potion            |       |       |       |       |     3 |       ||     3
 Stab: Sleeping          |     4 |     4 |     6 |     1 |     3 |       ||    18
       Paralysed         |       |       |       |     4 |    23 |       ||    27
       Confused          |       |       |       |       |     5 |       ||     5
Armor: Skin              |    15 |    33 |   109 |   249 |   452 |   107 ||   965
Dodge: Dodged            |    41 |    61 |   143 |   309 |   661 |   154 ||  1369
Block: Other             |       |    27 |    25 |       |       |       ||    52
       Reflection        |       |       |     2 |       |       |       ||     2
